 Dungeon Sprint DCSS version 0.19.1 (webtiles) character file.

2197 dvd the Cleaver (level 9, 0/89 HPs)
             Began as a Minotaur Fighter on Dec 23, 2016.
             Was a Priest of Okawaru.
             Slain by Sonja
             ... wielding a +0 dagger of distortion
              (5 damage)
             ... in the Dungeon (Sprint I: "Red Sonja").
             The game lasted 00:03:25 (1279 turns).

dvd the Cleaver (Minotaur Fighter)                  Turns: 1279, Time: 00:03:27

Health: 0/89       AC:  9    Str: 24    XL:     9   Next: 12%
Magic:  8/9        EV: 12    Int:  5    God:    Okawaru [***...]
Gold:   432        SH: 12    Dex: 10    Spells: 0 memorised, 8 levels left

rFire  . . .     SeeInvis .     a - +0 war axe
rCold  . . .     Gourm    .     b - +0 scale mail
rNeg   . . .     Faith    .     c - +0 shield
rPois  .         Spirit   .     (helmet restricted)
rElec  .         Reflect  .     (no cloak)
rCorr  .         Harm     .     (no gloves)
MR     +....     NoTele   +     (no boots)
Stlth  ..........               (no amulet)
                                (no ring)
                                l - ring of protection from magic

@: very slightly contaminated, hasted and slowed
A: retaliatory headbutt, horns 2
a: Heroism, Renounce Religion


You were in the Dungeon.
You worshipped Okawaru.
Okawaru was most pleased with you.
You were not hungry.

You visited 1 branch You collected 432 gold pieces.

Inventory:

Hand Weapons
 a - a +0 war axe (weapon)
Armour
 b - a +0 scale mail (worn)
 c - a +0 shield (worn)
Jewellery
 l - a ring of protection from magic (left hand)
Scrolls
 k - a scroll of blinking
Potions
 i - 2 potions of magic


   Skills:
 + Level 11.5 Fighting
 + Level 13.2 Axes
 + Level 12.5 Armour
 + Level 5.7 Dodging
 + Level 11.3 Shields
 + Level 1.5 Invocations


You had 8 spell levels left.
You didn't know any spells.

Dungeon Overview and Level Annotations

Branches:
Dungeon (1/1)

Altars:
Cheibriados
Dithmenos
Elyvilon
Fedhas
Gozag
Hepliaklqana
Kikubaaqudgha
Makhleb
Nemelex Xobeh
Okawaru
Qazlal
Ru
Sif Muna
Trog
Uskayaw
Vehumet
Xom
Yredelemnul
Zin
The Shining One
Jiyva
Lugonu

Shops:
D :

Annotations:
D Sonja


Innate Abilities, Weirdness & Mutations

You reflexively headbutt those who attack you in melee.
You have a pair of horns on your head.


Message History

You block Sonja's attack.
You miss Sonja. Your headbutt misses Sonja.
Sonja is heavily wounded.
Sonja misses you. You block Sonja's attack. x2
You miss Sonja. Your headbutt misses Sonja.
Sonja is heavily wounded.
Sonja hits you but does no damage. Space bends around you.
* * * LOW HITPOINT WARNING * * *
Sonja barely misses you. You block Sonja's attack.
Unknown command.
You miss Sonja.
Sonja is heavily wounded.
Sonja completely misses you. Sonja barely misses you. x2
You miss Sonja. Your headbutt misses Sonja.
Sonja is heavily wounded.
You feel like a meek peon again.
Sonja hits you with an uncursed dagger of distortion.
* * * LOW HITPOINT WARNING * * *
Space bends around you.
You die...

##########################
#<.#..').#..'..#__#.))...#
#..)..#..').#..'..'..#...#
#..#####'#####'#__####...'..#
#..####..#...#)#### #####..+
#..#__####..##(# ##
#..#_____##K#..+
#⌠⌠#_.∩...'.@._#
####_..__##_(#'#
#_____###(#.# #########(###
+..$+ #$.$# ##.## #+#


You could see Sonja.

Vanquished Creatures
  4 demonic crawlers (D)
  2 kobold demonologists (D)
  A slime creature (D)
  Sigmund (D)
  A yak (D)
  A floating eye (D)
  An ogre (D)
  A jelly (D)
  Ijyb (D)
13 creatures vanquished.

Vanquished Creatures (others)
  A gargoyle (D)
1 creature vanquished.

Grand Total: 14 creatures vanquished

Notes
Turn   | Place    | Note
-------+----------+-------------------------------------------
     0 | D        | dvd the Minotaur Fighter began the quest for the Orb.
     0 | D        | Reached XP level 1. HP: 19/19 MP: 0/0
     1 | D        | Noticed Ijyb
    14 | D        | Killed Ijyb
    14 | D        | Reached skill level 5 in Fighting
    14 | D        | Reached skill level 3 in Axes
    14 | D        | Reached skill level 5 in Armour
    14 | D        | Reached skill level 5 in Shields
    14 | D        | Reached XP level 2. HP: 16/29 MP: 1/1
   151 | D        | Noticed an ogre
   155 | D        | HP: 2/43 [ogre/giant club (8)]
   156 | D        | Killed an ogre
   156 | D        | Reached skill level 5 in Axes
   156 | D        | Reached skill level 1 in Dodging
   156 | D        | Reached XP level 3. HP: 3/38 MP: 2/2
   156 | D        | Reached XP level 4. HP: 4/45 MP: 3/3
   420 | D        | Noticed Sigmund
   430 | D        | Killed Sigmund
   430 | D        | Reached skill level 7 in Axes
   430 | D        | Reached XP level 5. HP: 30/53 MP: 4/4
   430 | D        | Reached XP level 6. HP: 35/61 MP: 5/5
   571 | D        | Found a deep blue altar of Sif Muna.
   573 | D        | Found a radiant altar of Vehumet.
   596 | D        | Found Paaheh's Book Emporium.
   596 | D        | Found an ancient bone altar of Kikubaaqudgha.
   596 | D        | Found a hazy altar of Hepliaklqana.
   596 | D        | Found a stormy altar of Qazlal.
   596 | D        | Found a hide-covered altar of Uskayaw.
   596 | D        | Found a blossoming altar of Fedhas.
   596 | D        | Found a bloodstained altar of Trog.
   596 | D        | Found an iron altar of Okawaru.
   596 | D        | Found a basalt altar of Yredelemnul.
   596 | D        | Found a glowing golden altar of the Shining One.
   596 | D        | Found a snail-covered altar of Cheibriados.
   596 | D        | Found a sacrificial altar of Ru.
   596 | D        | Found a glowing silver altar of Zin.
   596 | D        | Found a shadowy altar of Dithmenos.
   596 | D        | Found a white marble altar of Elyvilon.
   596 | D        | Noticed a yak
   600 | D        | Killed a yak
   600 | D        | Reached skill level 8 in Axes
   601 | D        | Found an opulent altar of Gozag.
   602 | D        | Found a sparkling altar of Nemelex Xobeh.
   610 | D        | Became a worshipper of Warmaster Okawaru
   652 | D        | Found a viscous altar of Jiyva.
   652 | D        | Found a corrupted altar of Lugonu.
   652 | D        | Noticed a slime creature
   653 | D        | Found a burning altar of Makhleb.
   653 | D        | Found a shimmering altar of Xom.
   663 | D        | Killed a slime creature
   663 | D        | Reached skill level 9 in Axes
   663 | D        | Reached skill level 10 in Armour
   663 | D        | Reached XP level 7. HP: 26/70 MP: 6/6
   796 | D        | Killed a gargoyle
   893 | D        | Noticed a kobold demonologist
   896 | D        | Noticed a kobold demonologist
   896 | D        | Paralysed by a floating eye for 2 turns
   902 | D        | Paralysed by a floating eye for 3 turns
   908 | D        | Paralysed by a floating eye for 4 turns
   915 | D        | Killed a kobold demonologist
   915 | D        | Reached * piety under Okawaru
   915 | D        | Reached skill level 10 in Fighting
   915 | D        | Reached skill level 10 in Axes
   920 | D        | Killed a kobold demonologist
   920 | D        | Reached skill level 11 in Axes
   920 | D        | Reached skill level 10 in Shields
   920 | D        | Reached XP level 8. HP: 57/80 MP: 4/7
   921 | D        | Noticed a demonic crawler
   921 | D        | Noticed a demonic crawler
   921 | D        | Noticed a demonic crawler
   921 | D        | Noticed a demonic crawler
   921 | D        | Paralysed by a floating eye for 3 turns
   924 | D        | Reached ** piety under Okawaru
   928 | D        | Killed a demonic crawler
   928 | D        | Reached skill level 12 in Axes
   928 | D        | Reached skill level 5 in Dodging
   933 | D        | Killed a demonic crawler
   933 | D        | Reached skill level 1 in Invocations
   935 | D        | Killed a demonic crawler
   935 | D        | Reached XP level 9. HP: 25/89 MP: 3/8
   941 | D        | Killed a demonic crawler
   941 | D        | Reached *** piety under Okawaru
   941 | D        | Reached skill level 13 in Axes
  1258 | D        | Noticed Sonja
  1279 | D        | Slain by Sonja

Skill      XL: |  1  2  3  4  5  6  7  8  9 |
---------------+----------------------------+-----
Fighting       | 5 6 8 9 10 11 | 11.5
Axes           | 3 5 7 9 11 12 13 | 13.2
Armour         | 5 6 8 10 11 12 | 12.5
Shields        | 5 6 8 9 10 11 | 11.3
Dodging        | 1 2 3 4 5 |  5.7
Invocations    | 1 |  1.5

Action                   |  1- 3 |  4- 6 |  7- 9 || total
-------------------------+-------+-------+-------++-------
Melee: War axe           |    16 |    25 |    44 ||    85
       Headbutt          |     2 |     7 |     8 ||    17
Invok: Heroism           |       |       |     3 ||     3
  Use: Potion            |     1 |       |     4 ||     5
  Eat: Bread ration      |       |       |     1 ||     1
Armor: Scale mail        |     5 |       |    40 ||    45
Dodge: Dodged            |     4 |     4 |    33 ||    41
Block: Shield            |     7 |     8 |    46 ||    61
